Map: Ruins of Seras

Players

Tiagovla - Winner!

  • Race: Protoss Protoss
  • League: Silver

A.I. 1 (Elite)

  • Race: Zerg Zerg

VOD

Have the link to the VOD?

Description

Time

  • Played on: Jan. 23, 2016, 6:09 p.m.
  • Length: 13:09
Show
View Real Time Build Order
Export as new Build Order

Tiagovla Protoss - Winner!

Build Orders: 1 Gate Expand 

Get SALT Encoding   

  12  0:01  Probe (Chrono Boost)  
  13  0:11  Probe (Chrono Boost)  
  14  0:20  Pylon  
  14  0:27  Probe (Chrono Boost)  
  15  0:40  Gateway  
  15  0:45  Probe (Chrono Boost)  
  16  0:55  Probe (Chrono Boost)  
  17  1:06  Probe (Chrono Boost)  
  18  1:19  Nexus  
  18  1:24  Assimilator  
  18  1:33  Cybernetics Core  
  18  1:41  Probe (Chrono Boost)  
  18  1:45  Assimilator  
  19  1:51  Probe (Chrono Boost)  
  20  2:02  Pylon  
  20  2:07  Probe (Chrono Boost)  
  21  2:17  Probe (Chrono Boost)  
  21  2:21  Warp Gate  
  22  2:28  Probe (Chrono Boost)  
  23  2:38  Probe (Chrono Boost)  
  23  2:39  Gateway  
  24  2:45  Gateway  
  24  2:47  Probe (Chrono Boost)  
  24  2:49  Probe (Chrono Boost)  
  26  2:53  Sentry  
  26  2:58  Probe (Chrono Boost)  
  29  2:59  Probe (Chrono Boost)  
  30  3:08  Probe (Chrono Boost)  
  30  3:10  Probe (Chrono Boost)  
  32  3:19  Probe (Chrono Boost)  
  33  3:20  Probe (Chrono Boost)  
  33  3:26  Robotics Facility  
  34  3:31  Probe (Chrono Boost)  
  37  3:34  Mothership Core (Chrono Boost)  
  37  3:41  Probe (Chrono Boost)  
  37  3:42  Adept  
  40  3:49  Pylon  
  40  3:52  Probe (Chrono Boost)  
  40  3:54  Gateway  
  40  3:55  Probe (Chrono Boost)  
  42  3:59  Pylon  
  42  4:05  Probe (Chrono Boost)  
  42  4:07  Pylon  
  43  4:11  Probe (Chrono Boost)  
  44  4:21  Twilight Council  
  44  4:24  Assimilator  
  44  4:26  Assimilator  
  44  4:30  Observer  
  45  4:32  Probe (Chrono Boost)  
  46  4:53  Probe (Chrono Boost)  
  46  4:54  Probe (Chrono Boost)  
  46  4:55  Nexus  
  46  4:56  Pylon  
  46  4:59  Pylon  
  48  5:10  Gateway x2  
  48  5:13  Gateway  
  48  5:16  Gateway  
  48  5:17  Gateway  
  48  5:19  Pylon x2  
  48  5:22  Probe (Chrono Boost)  
  49  5:33  Probe (Chrono Boost)  
  50  5:37  Immortal  
  50  5:39  Probe (Chrono Boost)  
  50  5:42  Charge  
  56  5:50  Probe x2 (Chrono Boost)  
  57  5:58  Pylon  
  57  6:12  Robotics Facility  
  57  6:13  Probe (Chrono Boost)  
  57  6:14  Probe (Chrono Boost)  
  57  6:16  Phoenix  
  57  6:18  Adept  
  61  6:22  Zealot x2  
  65  6:30  Gateway  
  65  6:31  Probe x2 (Chrono Boost)  
  65  6:32  Gateway  
  67  6:34  Zealot x3  
  67  6:35  Pylon, Zealot  
  67  6:37  Probe (Chrono Boost)  
  76  6:45  Probe (Chrono Boost)  
  77  6:49  Immortal  
  77  6:52  Probe (Chrono Boost)  
  77  6:53  Sentry x2  
  90  7:01  Immortal  
  90  7:04  Probe (Chrono Boost)  
  90  7:07  Probe (Chrono Boost)  
  92  7:21  Stalker x3  
  98  7:24  Probe (Chrono Boost)  
  98  7:27  Assimilator  
  98  7:28  Probe x2 (Chrono Boost)  
  98  7:29  Immortal  
  105  7:39  Zealot x4  
  105  7:40  Immortal  
  116  7:51  Adept x4  
  124  8:08  Immortal, Assimilator  
  124  8:09  Probe (Chrono Boost)  
  124  8:10  Adept x2  
  133  8:16  Pylon  
  133  8:19  Pylon  
  133  8:20  Pylon  
  133  8:22  Pylon  
  133  8:24  Resonating Glaives, Pylon  
  133  8:34  Probe x3 (Chrono Boost), Warp Prism  
  133  8:39  Adept x4  
  146  8:45  Probe x2 (Chrono Boost)  
  146  8:46  Warp Prism  
  150  9:01  Adept x2  
  150  9:02  Adept x6  
  136  9:22  Probe (Chrono Boost)  
  136  9:23  Probe (Chrono Boost)  
  138  9:26  Pylon  
  138  9:27  Adept x6  
  138  9:28  Adept, Pylon  
  152  9:49  Adept x4  
  160  9:54  Nexus  
  140  10:21  Warp Prism x2  
  140  10:27  Adept x5  
  140  10:28  Adept x3  
  158  10:37  Probe x3 (Chrono Boost)  
  153  10:44  Pylon  
  153  10:45  Pylon  
  145  10:57  Observer  
  144  11:07  Adept x7  
  144  11:08  Adept  
  158  11:16  Pylon  
  158  11:20  Templar Archives  
  158  11:39  Stalker x7  
  170  11:40  Stalker  
  172  11:48  Probe x3 (Chrono Boost)  
  171  11:57  Robotics Bay  
  171  11:58  Pylon  
  171  12:09  High Templar x2  
  171  12:10  High Templar x5  
  171  12:11  High Templar  
  187  12:44  Zealot  
  187  12:45  Zealot x5  
Show
View Real Time Build Order
Export as new Build Order

A.I. 1 (Elite) Zerg 

Build Orders: Pool First 

Get SALT Encoding   

  12  0:00  Drone  
  13  0:12  Overlord  
  13  0:17  Drone  
  14  0:30  Drone x2  
  14  0:34  Drone  
  17  0:50  Drone, Spawning Pool  
  17  1:12  Hatchery  
  17  1:16  Drone  
  17  1:18  Extractor  
  17  1:21  Drone  
  17  1:24  Extractor  
  16  1:28  Drone  
  16  1:32  Drone  
  18  1:38  Drone  
  19  1:49  Overlord  
  19  1:59  Queen  
  21  2:05  Zergling x2  
  22  2:10  Drone  
  23  2:26  Queen  
  25  2:32  Drone  
  26  2:38  Drone  
  26  2:42  Drone  
  28  2:46  Drone  
  29  3:00  Roach Warren  
  29  3:01  Drone  
  29  3:04  Drone  
  30  3:08  Zergling x2  
  30  3:11  Zergling x2  
  32  3:17  Overlord  
  32  3:20  Drone  
  32  3:23  Drone  
  34  3:42  Roach x2  
  34  3:43  Roach x2  
  34  3:46  Lair  
  42  3:51  Overlord  
  42  3:56  Overlord  
  42  4:00  Zergling x2  
  42  4:01  Zergling x2  
  44  4:09  Zergling x2  
  46  4:10  Drone x2  
  46  4:12  Drone  
  46  4:15  Drone  
  49  4:18  Drone  
  49  4:23  Overlord  
  50  4:27  Roach  
  50  4:30  Roach  
  54  4:34  Roach  
  54  4:36  Roach  
  58  4:40  Overlord  
  58  4:46  Drone, Hydralisk Den  
  58  4:49  Drone  
  58  4:51  Drone  
  60  4:54  Roach  
  60  4:57  Roach  
  64  5:01  Overlord  
  64  5:08  Drone  
  64  5:09  Drone  
  64  5:11  Drone  
  64  5:14  Drone  
  68  5:15  Drone  
  68  5:16  Hydralisk  
  68  5:19  Hydralisk  
  73  5:22  Hydralisk  
  73  5:27  Overlord  
  75  5:30  Hydralisk  
  75  5:33  Drone  
  75  5:34  Drone  
  79  5:36  Drone  
  79  5:38  Drone  
  79  5:39  Drone  
  79  5:41  Drone  
  83  5:43  Drone  
  83  5:45  Drone  
  83  5:48  Overlord  
  85  5:52  Infestation Pit  
  84  6:03  Metabolic Boost  
  84  6:07  Evolution Chamber  
  84  6:08  Drone  
  84  6:14  Hatchery  
  83  6:24  Drone  
  84  6:29  Evolution Chamber, Overseer  
  84  6:30  Drone, Infestor  
  86  6:33  Zerg Melee Weapons Level 1  
  86  6:35  Evolution Chamber, Drone  
  86  6:41  Extractor  
  86  6:42  Drone  
  86  6:43  Ravager  
  86  6:44  Extractor  
  86  6:45  Drone  
  87  6:54  Zerg Ground Armor Level 1  
  87  6:56  Overlord, Infestor  
  87  6:58  Spine Crawler  
  87  7:01  Zerg Missile Weapons Level 1  
  88  7:04  Drone x3  
  88  7:06  Drone x2  
  88  7:07  Drone  
  94  7:08  Ravager  
  94  7:13  Hydralisk  
  97  7:15  Overlord  
  97  7:18  Hydralisk  
  99  7:23  Hydralisk  
  99  7:26  Drone  
  99  7:27  Drone x4, Hydralisk  
  99  7:28  Drone x3  
  111  7:31  Drone  
  111  7:32  Drone  
  111  7:36  Overlord  
  113  7:38  Extractor  
  113  7:41  Drone  
  113  7:43  Drone, Muscular Augments  
  114  7:46  Drone x2  
  114  7:47  Drone  
  114  7:48  Drone  
  118  7:51  Drone  
  118  7:52  Drone x2  
  118  7:53  Drone  
  118  7:56  Overlord  
  118  7:58  Infestor  
  122  8:04  Drone  
  125  8:05  Drone  
  125  8:09  Drone  
  127  8:14  Infestor  
  127  8:16  Overlord, Extractor  
  127  8:18  Hatchery, Drone  
  127  8:19  Drone, Roach  
  131  8:30  Zerg Melee Weapons Level 2  
  131  8:35  Overlord  
  131  8:38  Drone  
  131  8:39  Drone  
  133  8:43  Spine Crawler  
  133  8:44  Drone  
  133  8:45  Queen  
  135  8:56  Zerg Missile Weapons Level 2  
  135  8:58  Overlord, Zerg Ground Armor Level 2, Hydralisk, Roach x2  
  135  8:59  Roach  
  135  9:00  Roach, Zergling x4  
  135  9:01  Zergling x8  
  148  9:02  Zergling x2  
  148  9:05  Zergling x2  
  148  9:08  Zergling x2  
  131  9:13  Roach  
  131  9:15  Hydralisk  
  110  9:19  Hydralisk  
  110  9:21  Hydralisk x2, Overseer  
  110  9:22  Roach  
  118  9:24  Roach  
  118  9:26  Roach x2  
  118  9:27  Roach, Zergling x2  
  118  9:30  Roach  
  118  9:31  Roach  
  131  9:35  Roach  
  135  9:38  Roach  
  135  9:40  Roach  
  135  9:42  Roach, Extractor  
  139  9:45  Drone  
  139  9:49  Roach, Extractor  
  139  9:51  Roach  
  139  9:52  Drone, Roach, Overlord  
  143  9:53  Hydralisk  
  143  9:56  Spore Crawler, Zergling x2  
  143  9:58  Hydralisk, Zergling x4  
  136  10:00  Ravager, Zergling x2  
  136  10:02  Zergling x2  
  136  10:04  Zergling x2  
  136  10:06  Infestor  
  115  10:11  Hydralisk  
  115  10:13  Roach  
  109  10:15  Zergling x2  
  109  10:20  Hydralisk  
  109  10:21  Drone, Infestor  
  106  10:22  Drone  
  106  10:28  Hydralisk  
  97  10:32  Drone  
  99  10:36  Drone  
  99  10:40  Zergling x2  
  99  10:42  Zergling x2  
  90  10:44  Hydralisk  
  90  10:48  Roach  
  70  11:04  Zergling x2  
  67  11:08  Hatchery  
  53  11:12  Queen  
  53  11:13  Hydralisk, Roach, Zergling x2  
  43  11:25  Hydralisk  
  43  11:26  Roach x2, Zergling x2  
  46  11:44  Zergling x2  
  45  11:47  Zergling x2  
  45  11:51  Roach  
  39  11:55  Roach  
  29  12:31  Spawning Pool  
  23  12:47  Hatchery  
  20  12:53  Drone  
Tags
 
Add a new tag
Caveats
  • Supply blocks, unpowered buildings, or Contaminate may cause inaccurate times.
  • Supply counts are checked every 10 seconds.